 Dungeon Crawl Stone Soup version 0.31-a0-965-g8a8ce12e04 (webtiles) character file.

Game seed: 4505597612677479586

33 LeprechaunX the Changeling (level 3, -1/23 HPs)
             Began as an Octopode Shapeshifter on Oct 26, 2023.
             Slain by a gnoll
             ... wielding a +0 spear
              (7 damage)
             ... on level 1 of the Dungeon.
             The game lasted 00:01:03 (344 turns).

LeprechaunX the Changeling (Octopode Shapeshifter)   Turns: 344, Time: 00:01:04

Health: -1/23      AC:  1    Str: 13    XL:     3   Next: 29%
Magic:  4/4        EV: 13    Int: 12    God:
Gold:   12         SH:  0    Dex: 13    Spells: 4/4 levels left

rFire   . .          .
                       - Unarmed
rCold   . . .        (no shield)
rNeg    . . .        (helmet currently unavailable)
rPois   .            (no amulet)
rElec   .            (no ring)
rCorr   .            (no ring)
SInv    .            (no ring)
Will    .....        (no ring)
Stlth   ++           (no ring)
HPRegen 0.23/turn    (no ring)
MPRegen 0.09/turn    (no ring)
                     (no ring)

%: no passive effects
@: beast-form
A: beast (slay +1), almost no armour, amphibious, 8 rings, camouflage 1,
gelatinous body 1, (nimble swimmer 1), tentacles
a: Begin Untransformation


You were on level 1 of the Dungeon.
You were a hulking beast.
You visited 1 branch of the dungeon, and saw 1 of its levels.

You collected 12 gold pieces.

Inventory:

Talismans
 b - a beast talisman
 c - a flux talisman
Potions
 a - a potion of lignification
 d - a potion of cancellation {unknown}
 e - a potion of degeneration {unknown}


   Skills:
 + Level 1.5 Fighting
 - Level 2.0 Dodging
 + Level 3.2 Unarmed Combat
 + Level 1.0 Spellcasting
 * Level 3.4 Shapeshifting


You had 4 spell levels left.
You didn't know any spells.
Your spell library contained the following spells:

 Spells                   Type           Power      Damage    Failure   Level
 Sublimation of Blood     Necr           0%         N/A       41%         2
 Wereblood                Tmut           0%         N/A       41%         2
 Summon Hydra             Summ           0%         N/A       100%        7


Dungeon Overview and Level Annotations

Branches:
Dungeon (1/15)

Altars:


Innate Abilities, Weirdness & Mutations

You are a hulking beast.
Your limbs bulge with bestial killing power. (Slay +1)
You cannot wear most types of armour.
You are amphibious.
You can wear up to eight rings at the same time.
Your skin changes colour to match your surroundings (Stealth+).
Your rubbery body absorbs attacks. (AC +1, EV +1)
((You are camouflaged when in or above water. (Stealth+)))
You have tentacles for arms and can constrict up to eight enemies at once.


Message History

No target in view!
No target in view!
No target in view!
No target in view!
No target in view!
No target in view!
No target in view!
No target in view!
No target in view!
A kobold comes into view. It is wielding a +0 dagger.
Found a fuming cyan potion.
A kobold is nearby!
A kobold is nearby!
A kobold is nearby!
A ball python comes into view.
The helpless kobold fails to defend itself.
You tentacle-slap the kobold.
You kill the kobold!
Your Spellcasting skill increases to level 1!
A gnoll comes into view. It is wielding a +0 spear.
The gnoll shouts!
Things that are here:
a +0 dagger; 4 stones; a kobold corpse You catch the helpless ball python completely off-guard!
You tentacle-slap the ball python. You grab the ball python.
The ball python is moderately wounded.
You constrict the ball python.
You kill the ball python!
The gnoll hits you from afar with a +0 spear!
The gnoll hits you with a +0 spear!
* * * LOW HITPOINT WARNING * * *
You are too injured to fight recklessly!
You are too injured to fight recklessly!
A gnoll is nearby!
A gnoll is nearby!
A gnoll is nearby!
You tentacle-slap the gnoll. You grab the gnoll.
The gnoll is heavily wounded.
You constrict the gnoll. The gnoll hits you with a +0 spear!
You die...

#.# #.. #.# #.##..#
##.###!##..# #
####...##.##..# .
...........#..#
#.#####...##..#.$#
#...)........$...###.##.
########.###....g.......
#### #.#.....#h### ...#
#.#.#.#.#.# ##.#
#.#.#.)...# # ##.#####.#
###.#.# .# ##.......#
...#.# .# ########.#
#####.###.############
########.#
#....#...........
.........##
#.##...##.....#
....†......
#...###...†..)#


You could see a gnoll.

Vanquished Creatures
  2 dart slugs (D:1)
  2 endoplasms (D:1)
  6 goblins (D:1)
  A hobgoblin (D:1)
  4 jackals (D:1)
  4 ball pythons (D:1)
  2 bats (D:1)
  3 frilled lizards (D:1)
  3 kobolds (D:1)
  A rat (D:1)
28 creatures vanquished.

Vanquished Creatures (others)
  2 ghouls (D:1)
  An octopode (D:1)
  A vine stalker (D:1)
  2 trolls (D:1)
  2 formicids (D:1)
  A spriggan (D:1)
  2 dwarves (D:1)
  An orc (D:1)
  5 tentacles (D:1)
17 creatures vanquished.

Grand Total: 45 creatures vanquished

Notes
Turn   | Place    | Note
-------+----------+-------------------------------------------
     0 | D:1      | LeprechaunX the Octopode Shapeshifter began the quest for
                  | the Orb.
     0 | D:1      | Reached XP level 1. HP: 13/13 MP: 1/1
     0 | D:1      | Noticed a formicid
     0 | D:1      | Noticed an octopode
     0 | D:1      | Noticed a ghoul
     0 | D:1      | Noticed a dwarf
     0 | D:1      | Noticed a spriggan
     0 | D:1      | Noticed a kraken
     0 | D:1      | Noticed a formicid
     0 | D:1      | Noticed a vine stalker
     0 | D:1      | Noticed a troll
     0 | D:1      | Noticed a dwarf
     0 | D:1      | Noticed a ghoul
     0 | D:1      | Noticed a troll
     6 | D:1      | Killed a vine stalker
     6 | D:1      | Killed a troll
     7 | D:1      | Killed an octopode
     7 | D:1      | Killed a troll
     8 | D:1      | Killed a dwarf
     8 | D:1      | Killed a dwarf
     9 | D:1      | Killed a formicid
    10 | D:1      | Killed a ghoul
    11 | D:1      | Killed a spriggan
    12 | D:1      | Killed a formicid
    15 | D:1      | Killed a ghoul
    65 | D:1      | Reached XP level 2. HP: 18/18 MP: 2/2
   240 | D:1      | Reached XP level 3. HP: 21/23 MP: 4/4
   338 | D:1      | Reached skill level 1 in Spellcasting
   344 | D:1      | Slain by a gnoll

Illustrated notes

Levels and vault maps discovered:
D:1:      nicolae_arrival_kraken_aquarium_a, layout_loops_ring

Skill      XL: |  1  2  3 |
---------------+----------+-----
Spellcasting   | 1 |  1.0
Fighting       | |  1.5
Dodging        | |  2.0
Unarmed Combat | |  3.2
Shapeshifting  | |  3.4

Action                     || total
---------------------------++-------
  Melee: Unarmed           ||    42
         Constrict         ||    11
         Tentacles         ||     6
   Stab: Sleeping          ||     7
         Distracted        ||     1
 Armour: Skin              ||    13
  Dodge: Dodged            ||    22

Table legend: (Time is in decaauts)
 A = Elapsed time spent in this place.
 B = Non-inter-level travel time spent in this place.
 C = Inter-level travel time spent in this place.
 D = Time resting spent in this place.
 E = Time spent auto-exploring this place.
 F = Levels seen in this place.
 G = Mean time per level.
                   A        B        C        D        E       F      G
               +--------+--------+--------+--------+--------+-----+--------+
         Total |    341 |    341 |      0 |      0 |    218 |   1 |  341.0 |
       Dungeon |    341 |    341 |      0 |      0 |    218 |   1 |  341.0 |
               +--------+--------+--------+--------+--------+-----+--------+

Top non-repeatable levels by time:
     D:1: 341 daAuts
